 Dungeon Crawl Stone Soup version 0.29-a0-378-gc08b2e8bf8 (webtiles) character file.

Game seed: 10641723771149749713

98 zeratav the Skirmisher (level 5, 0/35 HPs)
             Began as a Kobold Gladiator on May 4, 2022.
             Slain by a gnoll
             ... wielding a +0 club
              (2 damage)
             ... on level 3 of the Dungeon.
             The game lasted 00:02:26 (2183 turns).

zeratav the Skirmisher (Kobold Gladiator)           Turns: 2183, Time: 00:02:26

Health: 0/35       AC:  5    Str: 11    XL:     5   Next: 0%
Magic:  5/5        EV: 15    Int:  9    God:
Gold:   157        SH:  0    Dex: 19    Spells: 4/4 levels left

rFire   . . .      SeeInvis .   a - +0 rapier {short}
rCold   . . .      Faith    .   (no shield)
rNeg    . . .      Spirit   .   b - +0 leather armour
rPois   .          Reflect  .   c - +0 helmet
rElec   .          Harm     .   f - scarf {repulsion}
rCorr   .          Rampage  .   n - +0 pair of gloves
Will    .....                   (no boots)
Stlth   ++........              g - amulet of the acrobat
HPRegen 0.11/turn               (no ring)
MPRegen 0.09/turn               (no ring)

@: repel missiles
A: small, no large weapons, nightstalker 3
a: no special abilities


You were on level 3 of the Dungeon.
You visited 1 branch of the dungeon, and saw 3 of its levels.

You collected 157 gold pieces.


Innate Abilities, Weirdness & Mutations

You are small and have problems with some larger weapons.
You are completely attuned to the shadows.


   Skills:
 + Level 5.2 Fighting
 - Level 4.0 Short Blades
 - Level 2.1 Throwing
 - Level 3.6 Dodging


You had 4 spell levels left.
You didn't know any spells.
Your spell library contained the following spells:

 Spells                   Type           Power      Damage    Failure   Level
 Beastly Appendage        Tmut           0%         N/A       47%         1
 Wereblood                Tmut           0%         N/A       63%         2
 Spider Form              Tmut/Pois      0%         N/A       85%         3
 Fireball                 Conj/Fire      0%         3d3       100%        5
 Starburst                Conj/Fire      0%         6d3       100%        6
 Ignition                 Fire           0%         3d3       100%        8

Inventory:

Hand Weapons
 a - a +0 rapier (weapon) {short}
 r - a +2 spear of venom {polearm}
   (You found it on level 2 of the Dungeon)
Missiles
 d - 3 throwing nets (quivered) {=fthrowing}
 e - 2 boomerangs {throwing}
Armour
 b - a +0 leather armour (worn)
 c - a +0 helmet (worn)
 f - a scarf of repulsion (worn)
   (You found it on level 1 of the Dungeon)
 l - a +0 chain mail
   (You found it on level 2 of the Dungeon)
 n - a +0 pair of gloves (worn)
   (You found it on level 1 of the Dungeon)
 q - a +0 cloak
   (You found it on level 1 of the Dungeon)
 v - a +0 robe
   (You found it on level 2 of the Dungeon)
Jewellery
 g - an amulet of the acrobat (around neck)
   (You found it on level 1 of the Dungeon)
Scrolls
 i - 3 scrolls of identify {unknown}
 k - 2 scrolls of teleportation {unknown}
 p - a scroll of fear {unknown}
 u - a scroll of enchant weapon {unknown}
 w - a scroll of enchant armour {unknown}
Potions
 h - 3 potions of mutation {unknown}
 j - a potion of invisibility {unknown}
 m - a potion of heal wounds {unknown}
 o - a potion of haste {unknown}
 s - a potion of might {unknown}
 t - a potion of attraction {unknown}
 x - a potion of brilliance {unknown}

Dungeon Overview and Level Annotations

Branches:
Dungeon (3/15)

Altars:

Shops:
D:1

*** ....... ......#
#.....# #...... #.....#
#...... #####.....#
######...... ......g...#
#...........
###.########...........
####..g@.............###
.....########........# #
.....#### ####.#######
........###....#########
........................
.....†..###.############
........# #. # ........#
. .......# .


You could see a gnoll.


Message History

No target in view!
No target in view!
No target in view!
No target in view!
No target in view!
You see here an adder corpse.
You now have 157 gold pieces (gained 13).
A bat comes into view.
A bat is nearby!
The bat completely misses you.
You hit the bat.
You kill the bat!
No target in view!
No target in view!
No target in view!
No target in view!
No target in view!
No target in view!
No target in view!
No target in view!
No target in view!
No target in view!
No target in view!
No target in view!
No target in view!
A gnoll comes into view. It is wielding a +0 whip.
A gnoll is nearby! 2 gnolls come into view.
The gnoll shouts!
The gnoll misses you.
You hit the gnoll. The gnoll hits you with a +0 whip.
HP[-5]
You take 5 damage, and now have 25/30 hp.
You puncture the gnoll! The gnoll hits you but does no damage.
The gnoll closely misses you.
You closely miss the gnoll. The gnoll hits you with a +0 club.
The gnoll barely misses you. The gnoll hits you but does no damage.
HP[-4]
You take 4 damage, and now have 21/30 hp.
You are too injured to fight recklessly!
You are too injured to fight recklessly!
You are too injured to fight recklessly!
You are too injured to fight recklessly!
You are too injured to fight recklessly!
You are too injured to fight recklessly!
You are too injured to fight recklessly!
You are too injured to fight recklessly!
You are too injured to fight recklessly!
You are too injured to fight recklessly!
You are too injured to fight recklessly!
You are too injured to fight recklessly!
You are too injured to fight recklessly!
You are too injured to fight recklessly!
You are too injured to fight recklessly!
You are too injured to fight recklessly!
You are too injured to fight recklessly!
You are too injured to fight recklessly!
You are too injured to fight recklessly!
The gnoll attacks as you move away! The gnoll hits you with a +0 whip.
The gnoll completely misses you.
HP[-4]
You take 4 damage, and now have 17/30 hp.
The gnoll attacks as you move away! The gnoll hits you with a +0 club.
* * * LOW HITPOINT WARNING * * *
HP[-3]
You take 3 damage, and now have 14/30 hp.
The gnoll attacks as you move away! The gnoll closely misses you.
You barely miss the gnoll. The gnoll closely misses you.
You hit the gnoll but do no damage. The gnoll barely misses you.
You hit the gnoll. The gnoll hits you with a +0 club.
* * * LOW HITPOINT WARNING * * *
You puncture the gnoll! The gnoll barely misses you.
HP[-4]
You take 4 damage, and now have 10/30 hp.
You hit the gnoll. The gnoll hits you but does no damage.
You barely miss the gnoll. The gnoll hits you with a +0 club.
* * * LOW HITPOINT WARNING * * *
You hit the gnoll but do no damage. The gnoll barely misses you.
HP[-2]
You take 2 damage, and now have 8/30 hp.
You hit the gnoll.
You kill the gnoll!
Your Fighting skill increases to level 5!
HP[+1]
You now have 31 max hp (+1).
You closely miss the gnoll. The gnoll hits you with a +0 whip.
* * * LOW HITPOINT WARNING * * *
You hit the gnoll.
You kill the gnoll!
You have reached level 5!
You feel agile.
HP[-2] MP[+1]
You now have 35 max hp (+4).
Your mp is fully restored (5).
You hit the gnoll but do no damage. The gnoll hits you with a +0 club.
* * * LOW HITPOINT WARNING * * *
HP[-5]
You take 5 damage, and now have 2/35 hp.
You puncture the gnoll! The gnoll barely misses you.
You completely miss the gnoll. The gnoll hits you with a +0 club.
You die...

Skill      XL: |  1  2  3  4 |
---------------+-------------+-----
Fighting       | 3 4 5 |  5.2
Short Blades   | |  4.0
Throwing       | |  2.1
Dodging        | |  3.6

Action                   |  1- 3 |  4- 6 || total
-------------------------+-------+-------++-------
Melee: Rapier            |    93 |    46 ||   139
       Punch             |     1 |       ||     1
 Stab: Sleeping          |    10 |     1 ||    11
Armor: Leather armour    |    14 |    11 ||    25
Dodge: Dodged            |    84 |    31 ||   115

Levels and vault maps discovered:
D:1:      dpeg_arrival_yet_another_circle, layout_basic, serial_shops,
          nicolae_lakefront_shop, nicolae_shop_hallway_stairs, shop,
          ebering_ecumenical_altar_box
D:2:      layout_rooms, minmay_joined_circles
D:3:      layout_basic, minmay_strange_pillars, uniq_robin

Notes
Turn   | Place    | Note
-------+----------+-------------------------------------------
     0 | D:1      | zeratav the Kobold Gladiator began the quest for the Orb.
     0 | D:1      | Reached XP level 1. HP: 12/12 MP: 1/1
     0 | D:1      | magus.rc [v1.9.6]
   200 | D:1      | Reached XP level 2. HP: 18/18 MP: 2/2
   217 | D:1      | Found Ehoumin's Assorted Antiques.
   303 | D:1      | Reached skill level 3 in Fighting
   456 | D:1      | You pick up a book of Changes and begin reading...
   456 | D:1      | You add the spells Beastly Appendage, Wereblood and Spider
                  | Form to your library.
   547 | D:1      | You fall into a shaft and drop 1 floor!
   643 | D:1      | Reached XP level 3. HP: 19/24 MP: 3/3
   736 | D:1      | Found a faded altar of an unknown god.
   736 | D:1      | Found Plog's General Store.
   789 | D:1      | Found Xorouk's General Store.
  1169 | D:2      | Reached skill level 4 in Fighting
  1577 | D:2      | You pick up a book of Fire and begin reading...
  1577 | D:2      | You add the spells Fireball, Starburst and Ignition to your
                  | library.
  1802 | D:2      | Reached XP level 4. HP: 30/30 MP: 4/4
  2179 | D:3      | Reached skill level 5 in Fighting
  2179 | D:3      | HP: 6/31 [gnoll/+0 whip (3)]
  2181 | D:3      | Reached XP level 5. HP: 7/35 MP: 5/5
  2181 | D:3      | HP: 2/35 [gnoll/+0 club (5)]
  2183 | D:3      | Slain by a gnoll

Vanquished Creatures
  2 adders
  2 gnolls (D:3)
  A worm (D:2)
  2 dart slugs
  4 ball pythons
  6 endoplasms
  2 giant cockroaches
  5 goblins
  3 hobgoblins
  9 kobolds
  2 quokkas (D:1)
  8 bats
  3 frilled lizards (D:1)
  3 rats
52 creatures vanquished.

Table legend:
 A = Non-vault XP
 B = Vault XP
 C = Vault XP percentage of total XP
 D = Non-vault monster count
 E = Vault monster count
 F = Vault count percentage of total count
                 A         B        C        D         E       F
            +---------+---------+-------+---------+---------+-------
      Total |     112 |      28 |  20.0 |      41 |      11 |  21.2
            +---------+---------+-------+---------+---------+-------
        D:1 |      44 |       0 |   0.0 |      24 |       0 |   0.0
        D:2 |      23 |      28 |  54.9 |      12 |      11 |  47.8
        D:3 |      45 |       0 |   0.0 |       5 |       0 |   0.0
            +---------+---------+-------+---------+---------+-------

Illustrated notes

Table legend:
 A = Kills in this place as a percentage of kills in entire the game.
 B = Kills by you in this place as a percentage of kills by you in the entire game.
 C = Kills by friends in this place as a percentage of kills by friends in the entire game.
 D = Other kills in this place as a percentage of other kills in the entire game.
 E = Experience gained in this place as a percentage of experience gained in the entire game.
 F = Experience gained in this place divided by the number of levels of this place that you have seen.
                   A       B       C       D       E      F
               +-------+-------+-------+-------+-------+----------------------
         Total | 100.0 | 100.0 |   N/A |   N/A | 100.0 |  46.7
       Dungeon | 100.0 | 100.0 |   N/A |   N/A | 100.0 |  46.7
               +-------+-------+-------+-------+-------+----------------------

Table legend: (Time is in decaauts)
 A = Elapsed time spent in this place.
 B = Non-inter-level travel time spent in this place.
 C = Inter-level travel time spent in this place.
 D = Time resting spent in this place.
 E = Time spent auto-exploring this place.
 F = Levels seen in this place.
 G = Mean time per level.
                   A        B        C        D        E       F      G
               +--------+--------+--------+--------+--------+-----+--------+
         Total |   2183 |   2116 |     67 |      0 |   1781 |   3 |  727.7 |
       Dungeon |   2183 |   2116 |     67 |      0 |   1781 |   3 |  727.7 |
               +--------+--------+--------+--------+--------+-----+--------+

Top non-repeatable levels by time:
     D:1: 1074 daAuts
     D:2: 948 daAuts
     D:3: 160 daAuts
